Map: Ruby Rock LE

Players

INexorable

  • Race: Terran Terran
  • Spawn Location: 11:00

A.I. 1 (Very Easy) - Winner!

  • Race: Protoss Protoss
  • Spawn Location: 5:00

VOD

Have the link to the VOD?

Description

Time

  • Played on: Dec. 29, 2025, 2:57 p.m.
  • Length: 8:12
Show
View Real Time Build Order
Export as new Build Order

INexorable Terran 

Build Orders: 1/1/1 

Get SALT Encoding   

  12  0:00  SCV  
  13  0:12  SCV  
  14  0:16  Supply Depot  
  14  0:24  SCV  
  15  0:38  SCV  
  15  0:39  Barracks  
  15  0:42  Refinery  
  16  0:50  SCV  
  16  0:52  Refinery  
  17  1:02  SCV  
  18  1:14  SCV  
  19  1:26  Orbital Command, Reaper  
  20  1:39  Factory  
  20  1:43  Supply Depot  
  20  1:52  SCV  
  21  1:58  Barracks Reactor  
  21  2:04  SCV  
  22  2:14  Command Center  
  22  2:16  SCV  
  23  2:29  Starport  
  23  2:31  SCV  
  23  2:35  Marine x2  
  26  2:38  Factory Tech Lab  
  26  2:40  Supply Depot  
  26  2:43  SCV  
  27  2:53  Marine x2  
  27  2:55  SCV  
  30  3:05  Medivac  
  32  3:07  SCV  
  32  3:09  Widow Mine  
  32  3:10  Marine  
  32  3:11  Marine  
  37  3:19  SCV  
  38  3:28  Marine x2  
  38  3:31  SCV, Siege Tank  
  44  3:43  SCV, Orbital Command  
  44  3:45  Viking  
  44  3:48  Marine x2  
  48  3:54  Supply Depot  
  49  3:58  SCV  
  52  4:10  SCV x2  
  52  4:13  Marine x2  
  52  4:16  Supply Depot, Siege Tank  
  57  4:22  Viking  
  60  4:24  SCV x2  
  60  4:26  Supply Depot  
  61  4:32  Marine  
  61  4:38  Marine, SCV x2  
  65  4:41  Barracks  
  65  4:48  Supply Depot  
  65  4:49  Siege Tank  
  65  4:50  SCV x2  
  70  4:55  Barracks  
  70  4:59  Marine x2  
  70  5:01  Starport Tech Lab  
  70  5:02  SCV x2  
  74  5:09  Engineering Bay  
  74  5:10  Supply Depot  
  74  5:15  SCV x2  
  74  5:19  Marine x2, Refinery  
  78  5:24  Refinery  
  78  5:27  SCV x2  
  80  5:31  Factory Reactor  
  80  5:32  Starport Reactor  
  80  5:36  Terran Infantry Weapons Level 1  
  80  5:39  SCV x2, Supply Depot  
  80  5:42  Marine  
  83  5:43  Stimpack  
  83  5:48  Marine x2, Supply Depot  
  85  5:50  Marauder  
  85  5:51  SCV x2  
  85  5:57  Supply Depot  
  89  5:58  Combat Shield  
  89  6:02  Marauder  
  93  6:07  Marine x2  
  93  6:12  Marauder  
  93  6:13  Command Center  
  95  6:20  Medivac  
  95  6:21  Medivac  
  95  6:24  Marauder  
  95  6:25  Marine x2  
  103  6:27  Widow Mine x2  
  103  6:30  Supply Depot  
  107  6:34  Marauder  
  109  6:41  Barracks  
  109  6:42  Barracks  
  109  6:45  Marauder  
  109  6:46  Marine  
  109  6:47  Marine  
  112  6:50  Supply Depot  
  112  6:52  Medivac  
  115  6:55  Medivac, Marauder  
  115  6:57  Widow Mine  
  115  6:59  Widow Mine  
  123  7:02  SCV  
  123  7:03  Marine  
  123  7:04  Marine  
  126  7:12  SCV, Marauder  
  129  7:16  Supply Depot  
  129  7:17  Marauder  
  129  7:18  SCV  
  132  7:23  Concussive Shells  
  132  7:24  SCV  
  132  7:26  Supply Depot  
  133  7:30  Barracks Reactor, Marine x2, Barracks Tech Lab  
  133  7:34  Marauder  
  133  7:37  Viking x2  
  139  7:40  SCV x2  
  139  7:43  Marauder  
  145  7:47  Widow Mine  
  145  7:48  Widow Mine  
  149  7:52  SCV, Supply Depot  
  149  7:53  SCV  
Show
View Real Time Build Order
Export as new Build Order

A.I. 1 (Very Easy) Protoss - Winner!

Build Orders:  

Get SALT Encoding   

  12  0:00  Probe  
  13  0:13  Probe  
  14  0:20  Pylon  
  14  0:36  Assimilator  
  14  0:42  Gateway  
  14  0:47  Pylon  
  14  1:15  Assimilator  
  14  1:22  Zealot  
  14  1:24  Probe  
  14  1:32  Probe  
  17  1:33  Cybernetics Core  
  18  1:42  Probe  
  19  1:54  Probe  
  19  1:59  Warp Gate  
  20  2:02  Probe  
  21  2:10  Probe  
  22  2:39  Stalker  
  24  3:57  Probe  
  24  5:56  Probe  
  24  7:11  Probe  
  25  7:17  Adept  
  25  7:18  Pylon  
  25  7:19  Probe  
  25  7:21  Robotics Facility  
  23  7:23  Nexus  
  23  7:29  Probe  
  25  8:11  Zealot  
Tags
 
Matchup
PvT
Opening
1/1/1
Spawn Locations
Cross Positions
Add a new tag
Caveats
  • Supply blocks, unpowered buildings, or Contaminate may cause inaccurate times.
  • Supply counts are checked every 10 seconds.